 Dungeon Crawl Stone Soup version 0.28.0-47-ge53b351184 (webtiles) character file.

Game seed: 3323436270075909512

807 pkoi the Ruffian (level 7, -1/53 HPs)
             Began as a Demigod Gladiator on Apr 25, 2022.
             Killed by divine providence
             ... invoked by an orc priest
              (14 damage)
             ... on level 5 of the Dungeon.
             The game lasted 00:09:33 (8203 turns).

pkoi the Ruffian (Demigod Gladiator)                Turns: 8203, Time: 00:09:33

Health: -1/53      AC: 18    Str: 19    XL:     7   Next: 34%
Magic:  11/11      EV:  8    Int: 20    God:
Gold:   148        SH:  0    Dex: 15    Spells: 7/8 levels left

rFire   . . .      SeeInvis .     - Unarmed
rCold   . . .      Faith    .   (no shield)
rNeg    . . .      Spirit   .   t - +0 chain mail
rPois   .          Reflect  .   b - +1 helmet
rElec   .          Harm     .   f - +1 cloak
rCorr   .          Rampage  .   (no gloves)
Will    .....                   l - +0 pair of boots
Stlth   ..........              (no amulet)
HPRegen 0.17/turn               e - +6 ring of intelligence
MPRegen 0.12/turn               j - +4 ring of protection

@: confused, ambrosia-drunk
A: high MP 1, forlorn, divine attributes
a: no special abilities


You were on level 5 of the Dungeon.
You visited 1 branch of the dungeon, and saw 5 of its levels.

You collected 148 gold pieces.

Inventory:

Hand Weapons
 d - a +0 whip
Missiles
 c - 2 throwing nets (quivered)
 p - 66 stones
Armour
 a - a +0 leather armour
 b - a +1 helmet (worn)
 f - a +1 cloak (worn)
 l - a +0 pair of boots (worn)
 t - a +0 chain mail (worn)
Magical Staves
 m - a staff of air
Jewellery
 e - a +6 ring of intelligence (left hand)
 j - a +4 ring of protection (right hand)
Scrolls
 g - 3 scrolls of teleportation
 h - a scroll of enchant armour
 i - 2 scrolls of identify
Potions
 k - a potion of ambrosia
 o - a potion of haste
 r - 2 potions of curing


   Skills:
 - Level 1.7 Fighting
 - Level 1.7 Throwing
 - Level 3.0 Armour
 - Level 2.6 Dodging
 * Level 6.8 Unarmed Combat
 - Level 1.0 Spellcasting
 + Level 2.7 Earth Magic


You had 7 spell levels left.
You knew the following spells:

 Your Spells              Type           Power      Damage    Failure   Level
a - Sandblast             Erth           22%        2d7       56%         1

Your spell library contained the following spells:

 Spells                   Type           Power      Damage    Failure   Level
 Passwall                 Tmut/Erth      5%         N/A       87%         2
 Corpse Rot               Necr/Air       2%         N/A       97%         2
 Poisonous Vapours        Pois/Air       2%         N/A       97%         2
 Stone Arrow              Conj/Erth      12%        3d7       98%         3


Dungeon Overview and Level Annotations

Branches:
Dungeon (5/15)
 Temple: D:4-7

Shops:
D:4 :   D:5 =

Annotations:
D:4 Eustachio


Innate Abilities, Weirdness & Mutations

You have an increased reservoir of magic. (+10% MP)
You shall have no god before yourself.
Your divine heritage dramatically boosts your attributes as you level up.


Message History

The orc priest hits you but does no damage.
You closely miss the orc priest.
The orc priest is heavily wounded.
The orc priest hits you but does no damage.
You hit the orc priest.
The orc priest is almost dead.
The orc priest mumbles some strange prayers to Beogh against you.
Beogh smites you!
* * * LOW HITPOINT WARNING * * *
You hit the orc priest.
You kill the orc priest!
The orc closely misses you.
Items here: )) [ †.
You punch the orc!
You kill the orc!
The orc priest miscasts a cantrip.
The orc priest calls down the wrath of Beogh upon you.
You struggle to resist.
The orc priest drinks a potion.
The orc priest seems to grow stronger.
The orc priest hits you but does no damage.
Things that are here:
a +0 whip; an orc corpse You hit the orc priest.
The orc priest is moderately wounded.
The orc priest hits you with a +0 club.
* * * LOW HITPOINT WARNING * * *
You punch the orc priest!
The orc priest is severely wounded.
The orc priest calls upon Beogh to heal the orc priest.
The orc priest is healed somewhat.
The orc priest invokes the aid of Beogh against you.
Beogh smites you!
* * * LOW HITPOINT WARNING * * *
You aren't carrying any items that you can evoke.
You are confused.
You feel invigorated.
The orc priest hits you but does no damage.
The orc priest calls down the wrath of Beogh upon you.
Beogh smites you!
You die...

#########.# ######
#.........# .....#
#.#######.# ####.#
#.# #.# #.#### #.#
#.# #....#########.#
#.# #....#..(......#
#.#
####....#.##########
#.# .......>'.#
#oo)@..# #.#
########### #Z####.#
#.# #.# #.# #.# #o#
#.# #.# #.# #.# #.#
#)# #.# #.# #o#
#.######.# #o#
#........# ...Z....#
##########


You could see 2 orc priests and an elf skeleton.

Vanquished Creatures
  A water moccasin (D:4)
  2 ogres
  A phantom (D:5)
  2 scorpions
  2 hounds
  A jelly (D:4)
  An orc priest (D:5)
  2 iguanas
  4 gnolls
  A howler monkey skeleton (D:4)
  3 adders
  3 adder skeletons
  An adder zombie (D:2)
  5 worms
  A dart slug (D:3)
  3 orcs (D:5)
  7 ball pythons
  4 bats
  A bat zombie (D:2)
  6 endoplasms
  5 giant cockroaches
  7 goblins
  4 hobgoblins
  2 quokkas
  5 frilled lizards
  A giant cockroach zombie (D:2)
  3 kobolds
  2 rats
80 creatures vanquished.

Vanquished Creatures (others)
  2 plants (D:3)
  A withered plant (D:2)
3 creatures vanquished.

Grand Total: 83 creatures vanquished

Notes
Turn   | Place    | Note
-------+----------+-------------------------------------------
     0 | D:1      | pkoi the Demigod Gladiator began the quest for the Orb.
     0 | D:1      | Reached XP level 1. HP: 17/17 MP: 3/3
   369 | D:1      | Reached skill level 3 in Unarmed Combat
   537 | D:1      | Reached XP level 2. HP: 23/24 MP: 4/4
   632 | D:1      | Reached skill level 1 in Armour
  1821 | D:2      | Reached XP level 3. HP: 26/29 MP: 5/5
  2658 | D:1      | Reached skill level 4 in Unarmed Combat
  3024 | D:2      | Reached XP level 4. HP: 26/36 MP: 6/6
  3839 | D:3      | Learned a level 1 spell: Sandblast
  4233 | D:3      | Noticed an angel
  4669 | D:4      | Found Ummaxza's Book Shop.
  4764 | D:4      | Noticed a fire elemental
  4764 | D:4      | Noticed Eustachio
  5203 | D:4      | Reached XP level 5. HP: 35/41 MP: 8/8
  5274 | D:3      | Reached skill level 1 in Spellcasting
  5274 | D:3      | Reached skill level 1 in Earth Magic
  5809 | D:4      | Reached skill level 5 in Unarmed Combat
  5879 | D:4      | Noticed an ogre
  5891 | D:4      | Killed an ogre
  5892 | D:4      | Reached XP level 6. HP: 24/48 MP: 10/10
  6231 | D:4      | Noticed a water elemental
  6231 | D:4      | Noticed an air elemental
  6647 | D:5      | Entered Level 5 of the Dungeon
  6647 | D:5      | Noticed a water moccasin
  6665 | D:4      | Killed a water moccasin
  7391 | D:5      | Reached skill level 6 in Unarmed Combat
  7735 | D:5      | Reached XP level 7. HP: 50/53 MP: 11/11
  8033 | D:5      | Found Geirphugh's Jewellery Shoppe.
  8203 | D:5      | Killed from afar by an orc priest

Illustrated notes

Levels and vault maps discovered:
D:1:      beargit_arrival_diablo_church, layout_rooms,
          wander_ebering_terrifying_dragon_lair
D:2:      layout_basic, serial_undead, serial_undead_d, serial_undead_d,
          serial_undead_c, serial_undead_d, serial_undead_b, serial_undead_e,
          basic_altar, serial_park_tiny_pond
D:3:      minmay_general_purpose_star, layout_basic, zin_angel,
          hellmonk_ecumenical_altar_blasted,
          hangedman_abyss_or_decor_lesser_grid, serial_park_tiny_pond,
          serial_bayou_lake_a
D:4:      layout_rooms, nicolae_qazlal_style_of_elements, elyvilon_altar_5,
          serial_shops, nicolae_stop_n_shop_1, uniq_eustachio
D:5:      layout_basic, minmay_temple_entry_hall, serial_shops, kennysheep_mini,
          nicolae_ossuary_entry_catacombs, minmay_misc_feat_nine_boxes,
          uniq_edmund

Skill      XL: |  1  2  3  4  5  6 |
---------------+-------------------+-----
Unarmed Combat | 3 4 5 6 |  6.8
Armour         | 1 2 3 |  3.0
Spellcasting   | 1 |  1.0
Earth Magic    | 1 2 |  2.7
Fighting       | |  1.7
Throwing       | |  1.7
Dodging        | |  2.6

Action                   |  1- 3 |  4- 6 |  7- 9 || total
-------------------------+-------+-------+-------++-------
Melee: Whip              |    65 |       |       ||    65
       Unarmed           |   110 |   208 |    47 ||   365
       Punch             |     4 |     3 |     1 ||     8
Throw: Throwing net      |     2 |       |       ||     2
  Use: Scroll            |     4 |     5 |       ||     9
       Potion            |       |     3 |     1 ||     4
 Stab: Sleeping          |     1 |     2 |       ||     3
       Held in net/web   |     1 |       |       ||     1
Armor: Leather armour    |    62 |     8 |       ||    70
       Chain mail        |       |    80 |    23 ||   103
Dodge: Dodged            |   105 |    78 |    14 ||   197
